 Dungeon Crawl Stone Soup version 0.29-a0-1009-g60c99734e7 (webtiles) character file.

Game seed: 1458024645988684877

95 flotson the Sneak (level 4, 0/37 HPs)
             Began as a Demonspawn Delver on Aug 8, 2022.
             Slain by Natasha (6 damage)
             ... on level 2 of the Dungeon.
             The game lasted 00:04:02 (1415 turns).

flotson the Sneak (Demonspawn Delver)               Turns: 1415, Time: 00:04:03

Health: 0/37       AC:  7    Str: 15    XL:     4   Next: 39%
Magic:  4/4        EV: 10    Int: 17    God:
Gold:   57         SH:  0    Dex: 14    Spells: 3/3 levels left

rFire   . . .      SeeInvis .   a - +0 spear
rCold   . . .      Faith    .   (no shield)
rNeg    + . .      Spirit   .   u - +0 scale mail
rPois   .          Reflect  .   (no helmet)
rElec   .          Harm     .   (no cloak)
rCorr   .          Rampage  .   l - +0 pair of gloves
Will    .....                   (no boots)
Stlth   +.........              (no amulet)
HPRegen 0.12/turn               o - +6 ring of intelligence
MPRegen 0.09/turn               r - ring of positive energy

@: slowed, very slow
A: weakness stinger 1
a: no special abilities


You were on level 2 of the Dungeon.
You visited 1 branch of the dungeon, and saw 5 of its levels.

You collected 57 gold pieces.

Inventory:

Hand Weapons
 a - a +0 spear (weapon)
Armour
 l - a +0 pair of gloves (worn)
 u - a +0 scale mail (worn)
Jewellery
 o - a +6 ring of intelligence (left hand)
 r - a ring of positive energy (right hand)
Wands
 g - a wand of digging (3)
Scrolls
 c - a scroll of fog
 d - 2 scrolls of magic mapping
 e - 2 scrolls of fear
 h - a scroll of vulnerability {unknown}
 i - a scroll of amnesia {unknown}
 m - a scroll of identify {unknown}
 p - a scroll of immolation {unknown}
 t - 2 scrolls of teleportation {unknown}
Potions
 b - a potion of curing {unknown}
 f - a potion of mutation {unknown}
 j - a potion of brilliance {unknown}
 k - a potion of heal wounds {unknown}
 n - 2 potions of magic {unknown}
 q - a potion of flight {unknown}
 s - a potion of lignification {unknown}


   Skills:
 + Level 3.6 Fighting
 - Level 1.7 Polearms
 + Level 1.6 Armour
 + Level 2.5 Dodging
 - Level 4.5 Stealth
 + Level 1.8 Evocations


You had 3 spell levels left.
You didn't know any spells.
Your spell library contained the following spells:

 Spells                   Type           Power      Damage    Failure   Level
 Beastly Appendage        Tmut           0%         N/A       67%         1
 Wereblood                Tmut           0%         N/A       80%         2
 Spider Form              Tmut/Pois      0%         N/A       95%         3


Dungeon Overview and Level Annotations

Branches:
Dungeon (5/15)
 Temple: D:4-7

Altars:

Annotations:
D:2 Natasha


Innate Abilities, Weirdness & Mutations

You have a small tail.


Message History

Natasha misses you.
You closely miss Natasha.
Natasha is severely wounded.
Natasha claws you. Natasha closely misses you.
You hit Natasha but do no damage.
Natasha is severely wounded.
Natasha claws you.
* * * LOW HITPOINT WARNING * * *
You closely miss Natasha.
Natasha is severely wounded.
Natasha completely misses you. Natasha barely misses you.
You miss Natasha.
Your tail-slap misses Natasha.
Natasha is severely wounded.
Natasha misses you. Natasha claws you but does no damage.
You closely miss Natasha.
Natasha is severely wounded.
Natasha claws you.
* * * LOW HITPOINT WARNING * * *
You hit Natasha.
Your tail-slap misses Natasha.
Natasha is almost dead.
Natasha stares at you and mumbles some strange words.
The magic dart hits you.
* * * LOW HITPOINT WARNING * * *
Natasha claws you but does no damage.
You completely miss Natasha.
Natasha is almost dead.
Natasha claws you but does no damage.
You closely miss Natasha.
Natasha is almost dead.
Natasha casts a spell.
Natasha barely misses you.
You closely miss Natasha.
Your tail-slap misses Natasha.
Natasha is almost dead.
Natasha wildly gestures.
Natasha's front paws start to glow.
Natasha barely misses you.
You hit Natasha but do no damage.
Natasha is almost dead.
Natasha misses you. The iron imp closely misses you. Natasha claws you.
You die...

# ##.....#.# # #####
##........# # #...#
#.........##### ## #...#
#.............# .. .# #...#
###.............##.. .##
##...###...............#.. ..#
.##...#...................
..###..#......##h............#
.†.#.h.......###@5.....).....#
.......$....## #.............#
##.##.....### #.............#
#........$ #..........#.###
..##..#..# ...........##.#
.####.#.. ..###.....###<## ##
.... .# ##.#### #..# # ##..
#.# ##.##### .. #..>...


You could see an iron imp (summoned) and Natasha.

Vanquished Creatures
  Natasha (twice) (D:2)
  2 adders
  A dart slug (D:1)
  2 ball pythons (D:1)
  7 endoplasms
  2 giant cockroaches (D:1)
  3 goblins (D:1)
  A hobgoblin (D:1)
  A quokka (D:2)
  A bat (D:1)
  A frilled lizard (D:1)
  A kobold (D:1)
  2 rats (D:1)
26 creatures vanquished.

Notes
Turn   | Place    | Note
-------+----------+-------------------------------------------
     0 | D:5      | flotson the Demonspawn Delver began the quest for the Orb.
     0 | D:5      | Reached XP level 1. HP: 18/18 MP: 1/1
    19 | D:5      | Noticed a hound
    39 | D:5      | Noticed an ogre
    49 | D:4      | Noticed a phantom
   149 | D:4      | Gained mutation: You have a small tail. [demonic ancestry]
   149 | D:4      | Reached XP level 2. HP: 21/24 MP: 2/2
   222 | D:2      | Noticed Natasha
   414 | D:1      | Reached skill level 1 in Evocations
   431 | D:1      | Reached skill level 1 in Armour
   587 | D:1      | Reached XP level 3. HP: 24/29 MP: 3/3
   642 | D:1      | Found a faded altar of an unknown god.
  1264 | D:2      | Killed Natasha
  1265 | D:2      | Reached XP level 4. HP: 25/35 MP: 4/4
  1268 | D:2      | Noticed Natasha
  1281 | D:2      | Killed Natasha
  1389 | D:2      | Noticed Natasha
  1415 | D:2      | Slain by Natasha

Illustrated notes

Levels and vault maps discovered:
D:1:      pf_arrival_petrified_forest, layout_rooms,
          ebering_ecumenical_altar_rust
D:2:      layout_rooms, basic_altar, uniq_natasha
D:3:      layout_loops_ring
D:4:      layout_loops_ring, mainiacjoe_overflow_chevrons,
          hellmonk_ghost_happy_afterlife, uniq_eustachio
D:5:      layout_cave_pools, nicolae_overflow_crystal_walls,
          minmay_temple_entry_large_hall, kennysheep_generic_room_16

Skill      XL: |  1  2 |
---------------+-------+-----
Dodging        | 2 |  2.5
Evocations     | 1 |  1.8
Armour         | 1 |  1.6
Fighting       | |  3.6
Polearms       | |  1.7
Stealth        | |  4.5

Action                   |  1- 3 |  4- 6 || total
-------------------------+-------+-------++-------
Melee: Spear             |    84 |    30 ||   114
       Tailslap          |    12 |     2 ||    14
       Punch             |     3 |       ||     3
  Use: Potion            |     1 |       ||     1
 Stab: Sleeping          |     5 |       ||     5
Armor: Leather armour    |    15 |       ||    15
       Scale mail        |       |     8 ||     8
Dodge: Dodged            |    36 |    16 ||    52

Table legend: (Time is in decaauts)
 A = Elapsed time spent in this place.
 B = Non-inter-level travel time spent in this place.
 C = Inter-level travel time spent in this place.
 D = Time resting spent in this place.
 E = Time spent auto-exploring this place.
 F = Levels seen in this place.
 G = Mean time per level.
                   A        B        C        D        E       F      G
               +--------+--------+--------+--------+--------+-----+--------+
         Total |   1411 |   1380 |     31 |      4 |    954 |   5 |  282.2 |
       Dungeon |   1411 |   1380 |     31 |      4 |    954 |   5 |  282.2 |
               +--------+--------+--------+--------+--------+-----+--------+

Top non-repeatable levels by time:
     D:1: 769 daAuts
     D:2: 484 daAuts
     D:4: 104 daAuts
     D:5: 49 daAuts
     D:3: 3 daAuts
